cohdb
Replays
Latest Replays
All Replays
Popular Replays
Top Player Replays
Match Explorer
How It Works
Community
CoH3 Stats
Reddit
Sign in to upload your games and track your stats! →
Sign in with Steam
Pathfinders nullify 200+ elo difference
Match 37002584
Overview
Messages
Build Orders
End
Scout Squad
Scout Squad
Scout Squad
Selects Airborne Battlegroup
Selects Pathfinders
Construct Weapon Support Center
M1919 Machine Gun Team
M1919 Machine Gun Team
Infantry Support Center
Construct Medical Station
Bazooka Squad
Selects Recon Loiter
Selects Paratrooper Squad Paradrop
Recon Loiter
Construct Tank Depot
Recon Loiter
M4A1 Sherman Medium Tank
Pathfinder Squad
Captain Retinue
Recon Loiter
Engineer Squad
Recon Loiter
M4A1 Sherman Medium Tank
Selects Supply Drop
Engineer Squad
Recon Loiter
Selects Carpet Bombing Run
M4A1 Sherman Medium Tank
Carpet Bombing Run
M4A1 Sherman Medium Tank
Recon Loiter
M4A1 Sherman Medium Tank
Engineer Squad
Pathfinder Squad
Recon Loiter
M1919 Machine Gun Team
Pathfinder Squad
Recon Loiter
M4A1 Sherman Medium Tank
mrce
Anticafe
0
0
Comments
sign in to comment!
No comments posted yet!